 Dungeon Crawl Stone Soup version 0.31-a0-343-g456c268693 (webtiles) character file.

Game seed: 17871943846826930492

10500 Essalna the Mimic (level 11, -4/97 HPs)
             Began as a White Draconian Shapeshifter on July 21, 2023.
             Was a Believer of Trog.
             Slain by a troll (6 damage)
             ... on level 10 of the Dungeon.
             The game lasted 00:23:14 (10577 turns).

Essalna the Mimic (White Draconian Shapeshifter)   Turns: 10577, Time: 00:23:14

Health: -4/97      AC:  8    Str: 15 (18) XL:     11   Next: 37%
Magic:  11/11      EV: 16    Int:  6 (8)  God:    Trog [**....]
Gold:   668        SH:  0    Dex: 15 (16) Spells: 10/10 levels left

rFire   + +          .
                       - Unarmed
rCold   + + .        (no shield)
rNeg    . . .        (body armour unavailable)
rPois   +            (helmet restricted)
rElec   +            (no cloak)
rCorr   +            (no gloves)
SInv    .            (no boots)
Will    +....        (no amulet)
Stlth   +            l - ring of protection from fire
HPRegen 0.00/turn    (no ring)
MPRegen 0.12/turn

%: random rage (3%)
@: maw-form, resistant, on berserk cooldown, inhibited regen
A: devouring maw, breathe frost, AC +7, unfitting armour, cold resistance 1,
cold-blooded, berserk 1, strong-willed 1, shaggy fur 1, inhibited regeneration
a: Breathe Frost, Begin Untransformation, Renounce Religion, Berserk, Trog's
Hand


You were on level 10 of the Dungeon.
You worshipped Trog.
Trog was pleased with you.
You were a creature with a mouth for a stomach.
You visited 2 branches of the dungeon, and saw 12 of its levels.
You also visited: Sewer.

You collected 668 gold pieces.

Inventory:

Jewellery
 l - a ring of protection from fire (left hand)
Talismans
 b - a beast talisman
 e - a maw talisman
Wands
 p - a wand of iceblast (16)
 x - a wand of polymorph (8)
 A - a wand of flame (11)
Scrolls
 c - a scroll of amnesia
 h - a scroll of blinking {unknown}
 j - a scroll of revelation {unknown}
 k - 3 scrolls of fog
 q - 5 scrolls of identify
 s - a scroll of silence
 t - a scroll of teleportation {unknown}
 u - a scroll of brand weapon {unknown}
 v - 2 scrolls of enchant weapon
 y - 2 scrolls of noise {unknown}
 z - a scroll of immolation {unknown}
Potions
 a - 2 potions of resistance
 d - 2 potions of curing
 f - 3 potions of magic {unknown}
 m - 5 potions of haste {unknown}
 n - 2 potions of invisibility {unknown}
 o - a potion of cancellation {unknown}
 r - a potion of degeneration
 w - a potion of might {unknown}
 B - a potion of enlightenment {unknown}


   Skills:
 - Level 9.1 Fighting
 - Level 8.0 Dodging
 - Level 9.0 Unarmed Combat
 + Level 9.8 Shapeshifting


You had 10 spell levels left.
You didn't know any spells.
Your spell library contained the following spells:

 Spells                   Type           Power      Damage    Failure   Level
 Blink                    Tloc           0%         N/A       58%         2
 Lesser Beckoning         Tloc           0%         N/A       58%         2
 Momentum Strike          Conj/Tloc      0%         3d8       58%         2
 Sublimation of Blood     Necr           0%         N/A       58%         2
 Wereblood                Tmut           0%         N/A       58%         2
 Petrify                  Tmut/Erth      0%         N/A       99%         4
 Irradiate                Conj/Tmut      0%         3d11      100%        5
 Summon Hydra             Summ           0%         N/A       100%        7


Dungeon Overview and Level Annotations

Branches:
Dungeon (11/15)            Temple (1/1) D:5            Lair (0/5) D:9
  Sewer (visited)
    Orc: D:9-12

Altars:
Ashenzari
Cheibriados
Dithmenos
Elyvilon
Fedhas
Gozag
Hepliaklqana
Kikubaaqudgha
Makhleb
Nemelex Xobeh
Okawaru
Qazlal
Ru
Sif Muna
Trog
Uskayaw
Vehumet
Wu Jian
Xom
Yredelemnul
Zin
The Shining One

Shops:
D:8 *   D:9 (


Innate Abilities, Weirdness & Mutations

You are a creature with a mouth for a stomach.
Your midsection houses a second, enormous mouth.
You can breathe waves of freezing cold which knock back foes.
Your icy white scales are hard. (AC +7)
You cannot fit into any form of body armour.
Your flesh is cold resistant. (rC+)
You are cold-blooded and may be slowed by cold attacks.
You sometimes lose your temper in combat.
You are strong-willed. (Will+)
You are covered in fur. (AC +1)
You do not regenerate when monsters are visible.


Message History

The troll claws you!
* * * LOW HITPOINT WARNING * * *
The troll misses you. The troll bites you!
* * * LOW HITPOINT WARNING * * *
The troll completely misses you. The troll misses you.
You feel much better. The troll closely misses you. The troll claws you!
* * * LOW HITPOINT WARNING * * *
The troll closely misses you.
It was a potion of resistance.
You feel protected. The troll misses you. The troll closely misses you.
The troll completely misses you. The troll closely misses you.
The troll barely misses you. The troll closely misses you.
You punch the troll!
The troll is moderately wounded.
The troll completely misses you. The troll claws you!
* * * LOW HITPOINT WARNING * * *
The troll claws you.
* * * LOW HITPOINT WARNING * * *
The troll misses you. x2; The troll closely misses you.
The troll bites you but does no damage. The troll barely misses you.
The troll claws you.
* * * LOW HITPOINT WARNING * * *
You climb upwards.
You feel yourself speed up.
There is a stone staircase leading down here.
Okay, then.
It was a potion of degeneration.
There was something very wrong with that liquid.
You feel weakened.
You feel dopey.
You feel clumsy. The troll closely misses you.
The troll claws you but does no damage. x2
Okay, then.
Aiming: Polymorph
Press: ? - help, Shift-Dir - straight line, f - troll
Aim: a troll (moderately wounded, will become a fire crab, a golden eye, or a queen bee, chance to affect: 49%)
The troll resists with some effort.
The troll bites you but does no damage. The troll claws you.
* * * LOW HITPOINT WARNING * * *
The troll claws you.
You die...

#################################
.............[[............).....
...........###[..###.......))...#
...#####...# #.TW# #...########.#
.<.# #...# #...# #...# #.# ...#
#...# #...# #...# #.# ...# #...#
#...# #...# #.# ...# #...# #...#
#...# #.# ...# #...# #...# #...#
#.# ...# #...# #...# #...# #.#
...# #...# #...# #...# #.# ...#
#...# #...# #...# #.#


You could see a troll.

Vanquished Creatures
  2 two-headed ogres
  Pikel (D:8)
  The ghost of Jaike the Slasher, a novice DjCA of Ignis (D:5)
  A manticore (D:11)
  Maggie (D:6)
  3 trolls
  Prince Ribbit (D:8)
  7 yaks
  A shadow (D:9)
  A wraith (D:10)
  5 wyverns
  6 vampire mosquitoes
  2 water moccasins
  5 orc warriors
  2 ice beasts
  2 sky beasts
  2 black bears
  An ogre (D:7)
  6 centaurs
  5 bullfrogs
  3 kobold brigands
  A gnoll sergeant (D:7)
  4 scorpions
  4 wights
  6 killer bees (D:11)
  4 electric eels (D:10)
  6 orc priests
  2 hounds
  2 jellies
  Crazy Yiuf (D:5)
  An iguana (D:5)
  A sleepcap (D:4)
  Jessica (D:2)
  12 orc wizards
  11 gnolls
  9 adders
  A white imp (D:5)
  3 worms (D:4)
  2 dart slugs
  36 orcs
  5 ball pythons
  7 bats
  10 endoplasms
  4 giant cockroaches
  8 hobgoblins
  7 jackals
  28 kobolds
  3 quokkas
  4 frilled lizards
  8 goblins
  10 rats
259 creatures vanquished.

Notes
Turn   | Place    | Note
-------+----------+-------------------------------------------
     0 | D:1      | Essalna the Draconian Shapeshifter began the quest for the
                  | Orb.
     0 | D:1      | Reached XP level 1. HP: 16/16 MP: 1/1
   107 | D:1      | Reached XP level 2. HP: 20/23 MP: 2/2
   261 | D:1      | Found a faded altar of an unknown god.
   559 | D:2      | Reached XP level 3. HP: 29/29 MP: 3/3
   816 | D:2      | Noticed Jessica
   821 | D:2      | Killed Jessica
   822 | D:2      | Reached XP level 4. HP: 36/36 MP: 4/4
   996 | D:2      | HP: 1/33 [gnoll/+0 whip (4)]
  1279 | D:3      | Reached XP level 5. HP: 40/43 MP: 5/5
  1958 | D:4      | Noticed a black bear
  1969 | D:4      | Killed a black bear
  2041 | D:4      | Found a glowing drain.
  2044 | D:4      | Reached XP level 6. HP: 47/51 MP: 6/6
  2053 | Sewer    | Entered a sewer
  2098 | Sewer    | Gained mutation: Your body sometimes deteriorates upon
                  | taking damage. [potion of mutation]
  2098 | Sewer    | Gained mutation: You sometimes lose your temper in combat.
                  | [potion of mutation]
  2098 | Sewer    | Gained mutation: You are covered in fur. (AC +1) [potion of
                  | mutation]
  2098 | Sewer    | Gained mutation: You have sharp toenails. [potion of
                  | mutation]
  2315 | Sewer    | Lost mutation: You have sharp toenails. [potion of
                  | mutation]
  2315 | Sewer    | Lost mutation: Your body sometimes deteriorates upon taking
                  | damage. [potion of mutation]
  2315 | Sewer    | Gained mutation: You do not regenerate when monsters are
                  | visible. [potion of mutation]
  2315 | Sewer    | Gained mutation: You are strong-willed. (Will+) [potion of
                  | mutation]
  2384 | D:4      | Identified the +9 quarterstaff of the Kidney {freeze, rPois
                  | rN+ Dex+3}
  2424 | D:4      | Identified the +6 flail of Veraofo {antimagic, *Slow rPois
                  | rN+ Will+}
  2788 | D:5      | Entered Level 5 of the Dungeon
  2849 | D:5      | Your scales start taking on an icy white colour.
  2849 | D:5      | Reached XP level 7. HP: 29/59 MP: 7/7
  2849 | D:5      | Gained mutation: Your flesh is cold resistant. (rC+) [White
                  | Draconian growth]
  3021 | D:5      | Found a runed translucent door.
  3022 | D:5      | Noticed Crazy Yiuf
  3122 | D:5      | Killed Crazy Yiuf
  3206 | D:5      | Reached skill level 5 in Unarmed Combat
  3447 | D:5      | Found a staircase to the Ecumenical Temple.
  3465 | Temple   | Entered the Ecumenical Temple
  3767 | D:5      | Found a basalt altar of Yredelemnul.
  3767 | D:5      | Found a glowing golden altar of the Shining One.
  3767 | D:5      | Found a sacrificial altar of Ru.
  3786 | D:5      | Found a runed translucent door.
  3788 | D:5      | Noticed Jaike's ghost (novice DjCA)
  3991 | D:5      | Killed Jaike's ghost
  3992 | D:5      | Reached skill level 5 in Fighting
  3992 | D:5      | Reached skill level 5 in Shapeshifting
  3992 | D:5      | Reached XP level 8. HP: 69/69 MP: 8/8
  4203 | D:6      | Reached skill level 5 in Dodging
  4407 | D:6      | Noticed Maggie
  4449 | D:6      | Killed Maggie
  4587 | D:6      | Found a shimmering blue altar of Sif Muna.
  4605 | D:6      | Identified the +2 leather armour of Shadows and Fog {Will+}
  4898 | D:6      | Found a sparkling altar of Nemelex Xobeh.
  5237 | D:6      | Reached XP level 9. HP: 78/78 MP: 9/9
  5872 | D:7      | Found a bloodstained altar of Trog.
  5920 | D:7      | Became a worshipper of Trog the Wrathful
  6045 | D:7      | Found a hide-covered altar of Uskayaw.
  6269 | D:8      | Noticed Pikel
  6281 | D:8      | Killed Pikel
  6565 | D:8      | Found Bamaff's General Store.
  6578 | D:8      | Found a burning altar of Makhleb.
  6702 | D:8      | Noticed Prince Ribbit
  6713 | D:8      | Killed Prince Ribbit
  6714 | D:8      | Reached XP level 10. HP: 46/88 MP: 10/10
  7221 | D:9      | Found a blossoming altar of Fedhas.
  7235 | D:9      | Reached * piety under Trog
  7333 | D:9      | Found a snail-covered altar of Cheibriados.
  7415 | D:9      | Found Zomut's Antique Weapon Emporium.
  7525 | D:9      | Found a hazy altar of Hepliaklqana.
  8155 | D:9      | Found a stormy altar of Qazlal.
  8162 | D:9      | Found a staircase to the Lair.
  8276 | D:10     | Entered Level 10 of the Dungeon
  8462 | D:10     | Found a broken altar of Ashenzari.
  8545 | D:10     | Reached ** piety under Trog
  8765 | D:10     | Noticed a two-headed ogre
  8778 | D:10     | Killed a two-headed ogre
  8795 | D:10     | Reached XP level 11. HP: 39/97 MP: 11/11
  9938 | D:11     | Noticed a two-headed ogre
  9956 | D:11     | Killed a two-headed ogre
 10570 | D:11     | HP: 4/97 [troll (15)]
 10577 | D:10     | HP: 2/97 [troll (5)]
 10577 | D:10     | Slain by a troll

Illustrated notes

Levels and vault maps discovered:
D:1:      dpeg_arrival_tiny_a, layout_rooms,
          hellmonk_ecumenical_altar_arch_garden, serial_forest,
          infiniplex_forest_clump_double, infiniplex_forest_lined_3_way,
          infiniplex_forest_lined_corner, infiniplex_forest_clump_diagonal,
          infiniplex_forest_clump_C, infiniplex_forest_split,
          infiniplex_forest_straight_2, minivault_11, minmay_pentomino_p4
D:2:      layout_rooms, serial_corexii_hall, corexii_hall_statues_s,
          corexii_hall_statues_x, uniq_jessica
D:3:      layout_loops_cross
D:4:      layout_cave_pools, gup_sewer_entry_bubbles
D:5:      layout_loops_corners, gammafunk_temple_overflow_claw,
          minmay_temple_entry_mini_moons, ebering_ghost_reflecting_pool,
          uniq_crazy_yiuf_cottage
D:6:      layout_layer_cave, nemelex_xobeh_ov_fountains_minmay,
          nicolae_sif_muna_condensation, minmay_starry_boxes, uniq_maggie
D:7:      layout_cave_pools, mainiacjoe_overflow_brackets,
          mainiacjoe_overflow_24_doors, corexii_checkpoint_b
D:8:      layout_basic, overflow_temple_1_default, serial_shops,
          nicolae_shop_stone, uniq_pikel, uniq_prince_ribbit1
D:9:      layout_cave_pools, nicolae_hepliaklqana_hazy_memory,
          mainiacjoe_overflow_tiny_flanked, grunt_qazlal_sundering,
          old_standard_altar, kennysheep_windowed_goal
D:10:     wad_lake_hut, layout_long_grid, evilmike_ruin_ashenzari
D:11:     layout_rooms, orc_0_dummy
Temple:   compressed_dpeg_triangle_lava_temple

Skill      XL: |  1  2  3  4  5  6  7  8  9 10 11 |
---------------+----------------------------------+-----
Dodging        | 2 3 4 5 6 8 |  8.0
Fighting       | 2 3 4 5 6 8 9 |  9.1
Unarmed Combat | 4 5 6 7 9 |  9.0
Shapeshifting  | 4 5 6 8 9 |  9.8

Action                     |  1- 3 |  4- 6 |  7- 9 | 10-12 || total
---------------------------+-------+-------+-------+-------++-------
  Melee: Unarmed           |    88 |   202 |   175 |   266 ||   731
         Tailslap          |     8 |    27 |    33 |    40 ||   108
         Punch             |     2 |     6 |     9 |    13 ||    30
         Kick              |       |     5 |       |       ||     5
         Maw               |       |       |       |     7 ||     7
Ability: Breathe Frost     |       |       |    19 |    17 ||    36
  Evoke: Wand              |       |       |       |     8 ||     8
    Use: Potion            |       |     5 |     1 |     5 ||    11
         Scroll            |       |     4 |     1 |     5 ||    10
   Stab: Sleeping          |     1 |       |       |       ||     1
         Distracted        |       |     1 |       |       ||     1
 Armour: Skin              |    33 |    67 |    28 |    61 ||   189
  Dodge: Dodged            |    64 |   139 |   109 |   229 ||   541
   Form: Maw               |       |       |       |     1 ||     1

Table legend: (Time is in decaauts)
 A = Elapsed time spent in this place.
 B = Non-inter-level travel time spent in this place.
 C = Inter-level travel time spent in this place.
 D = Time resting spent in this place.
 E = Time spent auto-exploring this place.
 F = Levels seen in this place.
 G = Mean time per level.
                   A        B        C        D        E       F      G
               +--------+--------+--------+--------+--------+-----+--------+
         Total |  10737 |  10421 |    316 |    579 |   8046 |  13 |  825.9 |
       Dungeon |  10422 |  10106 |    316 |    579 |   7877 |  11 |  947.5 |
        Temple |     27 |     27 |      0 |      0 |      0 |   1 |   27.0 |
         Sewer |    287 |    287 |      0 |      0 |    169 |   1 |  287.0 |
               +--------+--------+--------+--------+--------+-----+--------+

Top non-repeatable levels by time:
    D:10: 1864 daAuts
     D:6: 1514 daAuts
     D:5: 1297 daAuts
     D:8: 1208 daAuts
     D:3: 764 daAuts
     D:9: 759 daAuts
     D:7: 754 daAuts
     D:2: 624 daAuts
     D:4: 607 daAuts
     D:1: 554 daAuts
    D:11: 473 daAuts
   Sewer: 287 daAuts
  Temple: 27 daAuts
